 Dungeon Crawl Stone Soup version 0.25.0-11-g1f837a76a1 (webtiles) character file.

Game seed: 14932158407287456638

24 Apogee the Grasshopper (level 2, 7/14 HPs)
             Began as a Spriggan Warper on June 27, 2020.
             Quit the game on level 2 of the Dungeon.
             The game lasted 00:02:01 (914 turns).

Apogee the Grasshopper (Spriggan Warper)             Turns: 914, Time: 00:02:02

Health: 7/14       AC:  2    Str:  7    XL:     2   Next: 79%
Magic:  6/6        EV: 18    Int: 14    God:
Gold:   79         SH:  0    Dex: 15    Spells: 6/6 levels left

rFire    . . .     SeeInvis +   a - +0 short sword
rCold    . . .     Gourm    .   (shield restricted)
rNeg     . . .     Faith    .   g - +0 robe
rPois    .         Spirit   .   (helmet restricted)
rElec    .         Reflect  .   (no cloak)
rCorr    .         Harm     .   (gloves unavailable)
MR       .....                  (boots unavailable)
Stlth    ++........             (no amulet)
HPRegen  0.04/turn              (no ring)
MPRegen  0.10/turn              (no ring)

@: very quick
A: very small, unfitting armour, see invisible, herbivore, speed 3, slow
metabolism 2
a: no special abilities


You were on level 2 of the Dungeon.
You were not hungry.

You visited 1 branch of the dungeon, and saw 2 of its levels.

You collected 79 gold pieces.

Inventory:

Hand Weapons
 a - a +0 short sword (weapon)
 b - a +0 dagger
Missiles
 e - 5 boomerangs of dispersal (quivered)
 h - 5 boomerangs
Armour
 g - a +0 robe (worn)
 i - a cursed +0 buckler
Scrolls
 d - a scroll of blinking
 k - a scroll of remove curse {unknown}
Potions
 c - 2 potions of resistance {unknown}
 j - 2 potions of haste {unknown}
Comestibles
 f - 5 rations


   Skills:
 - Level 1.5 Fighting
 + Level 3.0 Short Blades
 - Level 1.0 Throwing
 - Level 3.5 Dodging
 + Level 2.8 Stealth
 - Level 2.6 Spellcasting
   Level 4.4 Translocations


You had 6 spell levels left.
You didn't know any spells.
Your spell library contained the following spells:

 Spells                   Type           Power        Failure   Level  Hunger
 Blink                    Tloc           N/A          5%          2    ###....
 Gell's Gravitas          Tloc           ##........   11%         3    ###....
 Lesser Beckoning         Tloc           ##........   11%         3    ###....
 Teleport Other           Tloc           ##......     11%         3    ###....
 Shroud of Golubria       Chrm/Tloc      #.....       14%         2    ###....
 Passage of Golubria      Tloc           N/A          36%         4    #####..


Dungeon Overview and Level Annotations

Branches:
Dungeon (2/15)

Altars:


Innate Abilities, Weirdness & Mutations

You are very small and have problems with some larger weapons.
You are too small for most types of armour.
You have supernaturally acute eyesight. (SInv)
You are a herbivore.
You cover ground extremely quickly.
You need to consume almost no food.


Message History

The kobold hits you.
You hit the kobold.
You kill the kobold!
No target in view!
HP restored.
Things that are here:
a stone; a kobold corpse
k - a scroll labeled YCVUNK IRUDIU;
f - 5 rations (gained 1)
Found a spear.
An iguana comes into view.
Found a murky black potion.
The iguana hisses angrily.
The iguana misses you.
a - a +0 short sword (weapon)
The iguana bites you!
Ouch! That really hurt!
You are too injured to fight recklessly!
You are too injured to fight recklessly!
You are too injured to fight recklessly!
Are you sure you want to abandon this character and quit the game? (Confirm with "yes".)

# .# ###.###### ## #.!
.)...# #.. #.# ..##.#
#.# #.# #.##.# #.#
#.###.##.# #.# ##
#..##.##.# #.##.##
####..l....@####.#...###
+...........(.(.........
####........####.#...##
#..##.##.####.##.##
#.##..##.#<....>..#
#.##.###.#.##†###.#
#.##.# #.#.##.#
#.##.###.#.##..
#........#.#####


You could see an iguana.

Vanquished Creatures
  An ooze (D:1)
  A dart slug (D:1)
  A leopard gecko (D:1)
  A giant cockroach (D:1)
  A hobgoblin (D:1)
  A quokka (D:2)
  3 bats (D:1)
  A frilled lizard (D:1)
  3 goblins (D:1)
  3 kobolds
  2 rats (D:1)
18 creatures vanquished.

Notes
Turn   | Place    | Note
-------+----------+-------------------------------------------
     0 | D:1      | Apogee the Spriggan Warper began the quest for the Orb.
     0 | D:1      | Reached XP level 1. HP: 10/10 MP: 5/5
    91 | D:1      | Reached skill level 1 in Stealth
   126 | D:1      | Reached XP level 2. HP: 14/14 MP: 6/6
   914 | D:2      | Quit the game

Illustrated notes

Levels and vault maps discovered:
D:1:      dpeg_arrival_stone_temple_mockup, layout_basic, minivault_25
D:2:      layout_loops_corners, first_ration, uniq_terence

Skill      XL: |  1  2 |
---------------+-------+-----
Stealth        | 2 |  2.8
Short Blades   | 3 |  3.0
Fighting       | |  1.5
Throwing       | |  1.0
Dodging        | |  3.5
Spellcasting   | |  2.6
Translocations | |  4.4

Action                   || total
-------------------------++-------
Melee: Short sword       ||    61
       Dagger            ||    14
 Stab: Sleeping          ||     5
Armor: Robe              ||     7
Dodge: Dodged            ||    64
